 Dungeon Crawl Stone Soup version 0.31-a0-640-g39d97e502b (webtiles) character file.

Game seed: 311089518526856558

1622 qw the Skirmisher (level 8, -7/51 HPs)
             Began as a Gargoyle Hunter on Aug 27, 2023.
             Was an Initiate of Okawaru.
             Mangled by a wight
             ... wielding a +4 battleaxe
              (13 damage)
             ... on level 6 of the Dungeon.
             The game lasted 00:02:33 (5440 turns).

qw the Skirmisher (Gargoyle Hunter)                 Turns: 5440, Time: 00:02:34

Health: -7/51      AC: 16    Str: 15      XL:     8   Next: 96%
Magic:  8/8        EV: 11    Int:  7 (10) God:    Okawaru [......]
Gold:   160        SH:  0    Dex: 14 (15) Spells: 7/7 levels left

rFire   . . .        Y - +0 shortbow (freeze)
rCold   . . .        (shield currently unavailable)
rNeg    + . .        f - +0 ring mail
rPois   inf          d - +1 hat
rElec   +            c - +1 cloak
rCorr   .            m - +0 pair of gloves
SInv    .            h - +0 pair of boots
Will    .....        (no amulet)
Stlth   +            (no ring)
HPRegen 0.28/turn    (no ring)
MPRegen 0.11/turn

%: no passive effects
@: no status effects
A: sickness immunity, AC +5, negative energy resistance 1, electricity
resistance, torment resistance 1, petrification resistance
a: Renounce Religion


You were on level 6 of the Dungeon.
You worshipped Okawaru.
Okawaru was noncommittal.
You visited 2 branches of the dungeon, and saw 7 of its levels.

You collected 264 gold pieces.
You spent 104 gold pieces at shops.


Innate Abilities, Weirdness & Mutations

You are immune to sickness and miasma.
Your stone body is resilient. (AC +5)
You are immune to poison.
You resist negative energy. (rN+)
You are resistant to electric shocks. (rElec)
You are resistant to unholy torment.
You are immune to petrification.


   Skills:
 - Level 6.1 Fighting
 + Level 9.6 Ranged Weapons
 - Level 3.3 Armour
 - Level 2.6 Dodging
 - Level 1.1 Stealth


You had 7 spell levels left.
You didn't know any spells.
Your spell library was empty.

Inventory:

Hand Weapons
 Y - a +0 shortbow of freezing (weapon)
Armour
 c - a +1 cloak (worn)
 d - a +1 hat (worn)
 f - a +0 ring mail (worn)
 h - a +0 pair of boots (worn)
 m - a +0 pair of gloves (worn)
Jewellery
 k - the ring of Hoecea Tami {Fire Str+2}
   (You took it off an orc on level 3 of the Dungeon)

   [ring of fire]

   Fire:      It enhances your fire magic.
   Str+2:     It affects your strength (+2).
   rF+:       It protects you from fire.
   rC-:       It makes you vulnerable to cold.
Scrolls
 a - a scroll of identify
Potions
 e - a potion of haste {unknown}
 g - a potion of curing
 j - a potion of cancellation
 l - a potion of resistance {unknown}

Dungeon Overview and Level Annotations

Branches:
Dungeon (6/15)             Temple (1/1) D:6

Altars:
Ashenzari
Cheibriados
Dithmenos
Elyvilon
Fedhas
Gozag
Hepliaklqana
Makhleb
Nemelex Xobeh
Okawaru
Qazlal
Ru
Trog
Vehumet
Wu Jian
Xom
Yredelemnul
The Shining One

Shops:
D:2 !

Annotations:
D:6 Pikel


Message History

You kill the orc!
Okawaru accepts your kill.
You see here a +0 club.
You now have 160 gold pieces (gained 14).
Items here: % )) [.
There is an escape hatch in the floor, spattered with blood here.
Things that are here:
a +0 robe; a +0 dagger; an orc corpse
Things that are here:
a +0 leather armour; 2 boomerangs; a +0 trident
Things that are here:
a +0 leather armour; 2 boomerangs; a +0 trident You shoot an arrow.
The arrow closely misses the wight.
You shoot an arrow. The arrow hits the wight.
The wight is lightly damaged.
You shoot an arrow. The arrow hits the wight.
The wight is moderately damaged.
The wight hits you but does no damage.
You shoot an arrow.
The arrow hits the wight but does no damage.
The wight is moderately damaged.
The wight hits you with a +4 battleaxe.
You shoot an arrow. The arrow hits the wight.
The wight is moderately damaged.
The wight closely misses you.
You shoot an arrow. The arrow barely misses the wight.
The wight hits you with a +4 battleaxe!
You shoot an arrow. The arrow closely misses the wight.
The wight hits you with a +4 battleaxe!
You shoot an arrow. The arrow closely misses the wight.
The wight hits you but does no damage. The wight barely misses you.
You shoot an arrow. The arrow barely misses the wight.
The wight hits you from afar with a +4 halberd!
The wight hits you with a +4 battleaxe!
You shoot an arrow. The arrow hits the wight.
The wight is severely damaged.
The wight closely misses you. The wight hits you with a +4 battleaxe!
You shoot an arrow. The arrow closely misses the wight.
The wight closely misses you. The wight hits you with a +4 battleaxe!
You die...

......).zz..#..##..##<#
........##.........<..#
###).#####..}....#..###
#......#....[..####. ..)
#....}.>.}# #..###########
....##.###.)...# ............ .
...#....}..# #.......<.
.##.#......z########......)).
#####...(...z.@...#............
..............[.....##..%......
#######............#.###.........
................##.....#>[.......
#######.........#####..[#########
........#.................#######
#######.........#########........
####.......................
################........


You could see 2 wights.

Vanquished Creatures
  2 water moccasins (D:5)
  An ice beast (D:5)
  4 ogres
  4 lemures (D:5)
  3 phantoms (D:5)
  A kobold brigand (D:6)
  A scorpion (D:5)
  2 wights (D:6)
  A crimson imp (D:3)
  2 orc priests
  2 hounds
  A sleepcap (D:5)
  6 orc wizards
  7 gnolls
  4 adders
  A worm (D:3)
  4 dart slugs
  18 orcs
  5 bats (D:1)
  2 endoplasms
  4 giant cockroaches
  5 goblins
  4 hobgoblins
  10 jackals (D:4)
  8 kobolds
  A quokka (D:4)
  2 ball pythons
  2 frilled lizards
  2 rats (D:3)
109 creatures vanquished.

Notes
Turn   | Place    | Note
-------+----------+-------------------------------------------
     0 | D:1      | qw the Gargoyle Hunter began the quest for the Orb.
     0 | D:1      | Reached XP level 1. HP: 12/12 MP: 1/1
     0 | D:1      | 0 ||| qw: Version: 0.3-a-74-g0d5e918
     0 | D:1      | 0 ||| qw: Game counter: 30
     0 | D:1      | 0 ||| qw: Melee chars always use a shield: true
     0 | D:1      | 0 ||| qw: God list: Okawaru
     0 | D:1      | 0 ||| qw: Allow faded altars: false
     0 | D:1      | 0 ||| qw: Do Orc after clearing Dungeon:15 true
     0 | D:1      | 0 ||| qw: Do second Lair branch before Depths: true
     0 | D:1      | 0 ||| qw: Lair rune preference: random
     0 | D:1      | 0 ||| qw: Goals: Normal
     0 | D:1      | 0 ||| PLANNING D:1-11
   144 | D:1      | Reached XP level 2. HP: 17/17 MP: 2/2
   796 | D:1      | 796 ||| UPGRADING to +0 ring mail.
   806 | D:1      | 806 ||| DROPPING +0 leather armour.
   807 | D:1      | 807 ||| UPGRADING to +0 pair of boots.
   812 | D:1      | 812 ||| READING scroll labelled TETI ESONWI.
   813 | D:1      | 813 ||| DROPPING scroll of butterflies.
   995 | D:2      | Reached skill level 1 in Armour
  1199 | D:2      | Found Edo Ehop's Distillery.
  1206 | D:2      | 1206 ||| SHOPLISTING 2 potions of mutation (208 gold, have
                  | 107).
  1206 | D:2      | 1206 ||| BUYING potion of cancellation (104 gold).
  1206 | D:2      | Bought a potion of cancellation for 104 gold pieces
  1206 | D:2      | 1206 ||| SHOPLISTING potion of curing (39 gold, have 3).
  1206 | D:2      | 1206 ||| SHOPLISTING potion of enlightenment (65 gold, have
                  | 3).
  1206 | D:2      | 1206 ||| SHOPLISTING potion of heal wounds (65 gold, have
                  | 3).
  1254 | D:2      | 1254 ||| UPGRADING to +1 cloak.
  1259 | D:2      | 1259 ||| DROPPING ring of magical power.
  1260 | D:2      | 1260 ||| READING scroll labelled IRAILE NUWULAA.
  1261 | D:2      | 1261 ||| READING scroll labelled MORIBL VUUSM.
  1282 | D:3      | 1282 ||| PLANNING OKAWARU WORSHIP
  1294 | D:3      | Reached XP level 3. HP: 21/21 MP: 3/3
  1407 | D:3      | Found a glowing golden altar of the Shining One.
  1527 | D:3      | Reached skill level 5 in Ranged Weapons
  1634 | D:3      | 1634 ||| Stepping ~*~*~tactically~*~*~ (retreating).
  1644 | D:3      | Reached skill level 3 in Fighting
  1644 | D:3      | Reached XP level 4. HP: 12/28 MP: 4/4
  1644 | D:3      | 1644 ||| FLEEEEING.
  1682 | D:3      | 1682 ||| FLEEEEING.
  1683 | D:3      | 1683 ||| FLEEEEING.
  1693 | D:3      | 1693 ||| FLEEEEING.
  1694 | D:3      | 1694 ||| FLEEEEING.
  1695 | D:3      | 1695 ||| FLEEEEING.
  1746 | D:3      | Identified the ring of Hoecea Tami {Fire Str+2}
  2131 | D:3      | Found a shimmering altar of Xom.
  2131 | D:3      | Found a burning altar of Makhleb.
  2137 | D:3      | 2137 ||| FLEEEEING.
  2138 | D:3      | 2138 ||| FLEEEEING.
  2139 | D:3      | 2139 ||| FLEEEEING.
  2163 | D:3      | HP: 1/28 [crimson imp/+1 dagger of chaos (15)]
  2165 | D:3      | Reached skill level 6 in Ranged Weapons
  2165 | D:3      | Reached XP level 5. HP: 2/32 MP: 5/5
  2452 | D:3      | 2452 ||| READING scroll labelled SOGUSH JABEOFO.
  2453 | D:3      | 2453 ||| READING 2 scrolls labelled QIUMIFOIMY.
  2457 | D:3      | 2457 ||| READING scroll labelled UNNIQI OREIDO.
  2458 | D:3      | 2458 ||| READING scroll labelled DEUDAA ZEGYUFI.
  2494 | D:4      | 2494 ||| PLANNING D:1-11
  2510 | D:4      | 2510 ||| PLANNING D:1-11
  2527 | D:4      | Found a hazy altar of Hepliaklqana.
  2773 | D:4      | Found a radiant altar of Vehumet.
  2850 | D:4      | Found a snail-covered altar of Cheibriados.
  3080 | D:4      | Noticed an ogre
  3087 | D:4      | Killed an ogre
  3088 | D:4      | Reached XP level 6. HP: 34/39 MP: 6/6
  3380 | D:4      | 3380 ||| UPGRADING to +0 pair of gloves.
  3385 | D:4      | 3385 ||| DRINKING 2 grey potions.
  3386 | D:4      | 3386 ||| DRINKING 3 silvery potions.
  3387 | D:4      | 3387 ||| DROPPING 2 potions of brilliance.
  3420 | D:5      | Entered Level 5 of the Dungeon
  3421 | D:5      | 3421 ||| PLANNING SEWER
  3452 | D:5      | Reached XP level 7. HP: 16/44 MP: 7/7
  3452 | D:5      | 3452 ||| FLEEEEING.
  3453 | D:5      | 3453 ||| FLEEEEING.
  3462 | D:5      | 3462 ||| STAIRDANCE
  3558 | D:5      | 3558 ||| STAIRDANCE
  3609 | D:5      | 3609 ||| Stepping ~*~*~tactically~*~*~ (outnumbered).
  3611 | D:5      | 3611 ||| Stepping ~*~*~tactically~*~*~ (outnumbered).
  3614 | D:5      | Reached skill level 7 in Ranged Weapons
  3615 | D:5      | 3615 ||| Stepping ~*~*~tactically~*~*~ (outnumbered).
  3814 | D:5      | Reached skill level 8 in Ranged Weapons
  3903 | D:5      | Reached XP level 8. HP: 35/49 MP: 8/8
  4133 | D:5      | 4133 ||| RIP SEWER
  4151 | D:5      | 4151 ||| PLANNING D:1-11
  4151 | D:5      | 4151 ||| READING scroll labelled DUFATWAIFU.
  4152 | D:5      | 4152 ||| DRINKING 2 dark potions.
  4153 | D:5      | 4153 ||| DROPPING potion of degeneration.
  4296 | D:5      | Reached skill level 9 in Ranged Weapons
  4365 | D:5      | Reached skill level 3 in Armour
  4706 | D:6      | Noticed Pikel
  4707 | D:6      | 4707 ||| STAIRDANCE
  4746 | D:6      | 4746 ||| STAIRDANCE
  4804 | D:6      | 4804 ||| STAIRDANCE
  4876 | D:6      | 4876 ||| STAIRDANCE
  4961 | D:6      | HP: 11/51 [Pikel/+1 whip of freezing (2)]
  4962 | D:6      | 4962 ||| READING 2 scrolls of teleportation.
  4963 | D:6      | HP: 5/51 [Pikel/+1 whip of freezing (2)]
  4965 | D:6      | HP: 2/51 [Pikel/+1 whip of freezing (1)]
  5149 | D:6      | Found a staircase to the Ecumenical Temple.
  5150 | D:6      | 5150 ||| PLANNING TEMPLE
  5158 | Temple   | Entered the Ecumenical Temple
  5159 | Temple   | 5159 ||| PLANNING OKAWARU WORSHIP
  5164 | Temple   | Became a worshipper of Warmaster Okawaru
  5165 | Temple   | 5165 ||| PLANNING D:1-11
  5184 | D:6      | Reached skill level 6 in Fighting
  5200 | D:6      | Identified the +3 dire flail of Hatred {venom, Int+2 SInv}
  5224 | D:6      | 5224 ||| Stepping ~*~*~tactically~*~*~ (retreating).
  5229 | D:6      | 5229 ||| Stepping ~*~*~tactically~*~*~ (retreating).
  5230 | D:6      | 5230 ||| Stepping ~*~*~tactically~*~*~ (retreating).
  5231 | D:6      | 5231 ||| Stepping ~*~*~tactically~*~*~ (retreating).
  5237 | D:6      | 5237 ||| FLEEEEING.
  5240 | D:6      | 5240 ||| Stepping ~*~*~tactically~*~*~ (retreating).
  5242 | D:6      | HP: 12/51 [wight/+4 battleaxe (11)]
  5243 | D:6      | 5243 ||| READING scroll of teleportation.
  5256 | D:6      | HP: 12/51 [orc/boomerang (2)]
  5258 | D:6      | 5258 ||| FLEEEEING.
  5259 | D:6      | 5259 ||| FLEEEEING.
  5260 | D:6      | 5260 ||| FLEEEEING.
  5261 | D:6      | 5261 ||| FLEEEEING.
  5262 | D:6      | 5262 ||| FLEEEEING.
  5263 | D:6      | 5263 ||| FLEEEEING.
  5264 | D:6      | 5264 ||| STAIRDANCE
  5396 | D:5      | 5396 ||| UPGRADING to +1 hat.
  5439 | D:6      | HP: 5/51 [wight/+4 battleaxe (8)]
  5440 | D:6      | Mangled by a wight

Levels and vault maps discovered:
D:1:      psy_arrival_terrarium, layout_loops_corners, minmay_pentomino_s2
D:2:      layout_rooms, serial_shops, nicolae_shop_competitors_out_of_business
D:3:      layout_loops_corners, grunt_temple_overflow_champion_of_chaos,
          tso_oasis_becter
D:4:      layout_basic, chei_slow_surprise, mainiacjoe_overflow_catch_the_wave
D:5:      layout_basic, portal_sewer_entry_d
D:6:      lemuel_ratsnest, layout_rooms,
          nicolae_uskayaw_murder_on_the_dancefloor, temple_fountains,
          uniq_eustachio, uniq_pikel
Temple:   hellmonk_temple_two_chambers

Skill      XL: |  1  2  3  4  5  6  7  8 |
---------------+-------------------------+-----
Armour         | 1 2 3 |  3.3
Ranged Weapons | 5 6 8 9 |  9.6
Fighting       | 3 4 5 6 |  6.1
Dodging        | 2 |  2.6
Stealth        | |  1.1

Action                     |  1- 3 |  4- 6 |  7- 9 || total
---------------------------+-------+-------+-------++-------
  Melee: Unarmed           |       |     5 |       ||     5
   Fire: Shortbow          |    93 |   163 |   365 ||   621
    Use: Scroll            |     3 |     4 |     3 ||    10
         Potion            |       |     2 |     1 ||     3
 Armour: Leather armour    |     7 |       |       ||     7
         Ring mail         |     8 |    79 |   153 ||   240
         Skin              |       |     3 |       ||     3
  Dodge: Dodged            |    12 |    73 |   133 ||   218

Table legend:
 A = Non-vault XP
 B = Vault XP
 C = Vault XP percentage of total XP
 D = Non-vault monster count
 E = Vault monster count
 F = Vault count percentage of total count
                 A         B        C        D         E       F
            +---------+---------+-------+---------+---------+-------
      Total |    2252 |      66 |   2.8 |     101 |       4 |   3.8
            +---------+---------+-------+---------+---------+-------
        D:1 |      21 |       2 |   8.7 |      11 |       2 |  15.4
        D:2 |      10 |       0 |   0.0 |       4 |       0 |   0.0
        D:3 |     130 |      50 |  27.8 |      22 |       1 |   4.3
        D:4 |     219 |       0 |   0.0 |      23 |       0 |   0.0
        D:5 |    1529 |      14 |   0.9 |      28 |       1 |   3.4
        D:6 |     343 |       0 |   0.0 |      13 |       0 |   0.0
            +---------+---------+-------+---------+---------+-------
